 Dungeon Crawl Stone Soup version 0.27-a0-1193-g8631133539 (webtiles) character file.

Game seed: 14677847642384958501

91 Delamore the Skirmisher (level 4, 0/29 HPs)
             Began as a Gargoyle Fighter on May 26, 2021.
             Was a Follower of Qazlal.
             Frozen to death by an endoplasm (2 damage)
             ... on level 3 of the Dungeon.
             The game lasted 00:01:53 (1979 turns).

Delamore the Skirmisher (Gargoyle Fighter)          Turns: 1979, Time: 00:01:54

Health: 0/29       AC: 11    Str: 21    XL:     4   Next: 59%
Magic:  4/4        EV:  9    Int:  8    God:    Qazlal [*.....]
Gold:   88         SH:  6    Dex:  9    Spells: 3/3 levels left

rFire    . . .     SeeInvis .   a - +0 flail
rCold    . . .     Faith    .   m - +0 buckler
rNeg     + . .     Spirit   .   b - +0 scale mail
rPois    ∞         Reflect  .   (no helmet)
rElec    +         Harm     .   (no cloak)
rCorr    .         Rampage  .   j - +0 pair of gloves
Will     .....                  (no boots)
Stlth    ..........             (no amulet)
HPRegen  0.09/turn              (no ring)
MPRegen  0.09/turn              (no ring)

@: no status effects
A: sickness immunity, AC +3, negative energy resistance 1, electricity
resistance, torment resistance 1, petrification resistance
a: Renounce Religion


You were on level 3 of the Dungeon.
You worshipped Qazlal.
Qazlal was aware of your devotion.
You visited 1 branch of the dungeon, and saw 3 of its levels.

You collected 88 gold pieces.

Inventory:

Hand Weapons
 a - a +0 flail (weapon)
Armour
 b - a +0 scale mail (worn)
 c - a +0 kite shield
 j - a +0 pair of gloves (worn)
 m - a +0 buckler (worn)
Scrolls
 e - a scroll of enchant weapon {unknown}
 f - a scroll of teleportation {unknown}
 i - a scroll of amnesia {unknown}
 l - a scroll of blinking {unknown}
Potions
 d - 3 potions of might
 g - a potion of brilliance {unknown}
 h - a potion of invisibility {unknown}
 k - a potion of curing {unknown}


   Skills:
 + Level 4.2 Fighting
 * Level 4.0 Maces & Flails
 - Level 3.2 Armour
 - Level 3.2 Shields


You had 3 spell levels left.
You didn't know any spells.
Your spell library was empty.

Dungeon Overview and Level Annotations

Branches:
Dungeon (3/15)

Altars:
Qazlal

Shops:
D:3 [[


Innate Abilities, Weirdness & Mutations

You are immune to sickness and miasma.
Your stone body is resilient. (AC +3)
You are immune to poison.
You resist negative energy. (rN+)
You are resistant to electric shocks. (rElec)
You are resistant to unholy torment.
You are immune to petrification.


Message History

You are too injured to fight recklessly!
You are too injured to fight recklessly!
You see here an adder corpse.
You are too injured to fight recklessly!
You are too injured to fight recklessly!
You are too injured to fight recklessly!
You sock the rat!
You kill the rat!
Qazlal accepts your kill.
You sock the goblin!
You kill the goblin!
Qazlal accepts your kill.
You swing at nothing.
You sock the hobgoblin!
You kill the hobgoblin!
Qazlal accepts your kill.
The endoplasm hits you but does no damage.
You block the endoplasm's attack.
You swing at nothing.
The endoplasm freezes you.
You are frozen.
You swing at nothing.
You block the endoplasm's attack.
You swing at nothing.
The endoplasm hits you.
* * * LOW HITPOINT WARNING * * *
You swing at nothing.
The endoplasm barely misses you. The endoplasm freezes you.
You are frozen.
* * * LOW HITPOINT WARNING * * *
You swing at nothing.
The endoplasm hits you.
* * * LOW HITPOINT WARNING * * *
You swing at nothing.
The endoplasm freezes you.
You are frozen.
* * * LOW HITPOINT WARNING * * *
You swing at nothing.
The endoplasm barely misses you.
You swing at nothing.
The endoplasm barely misses you.
You swing at nothing.
You block the endoplasm's attack. The endoplasm freezes you.
You are frozen.
You die...

...................###....
....................#..###.
..........8.8.8...........
...........⌠.⌠........#.#
..........8.∩.8.........##
..........J⌠.⌠..†#.......#
.........†8.8.8.......##..
............##)##.∩.....##
............##@##..###.....
#............J....## ##...
............##.##..# #..
...............###.# .
.............### ...
.............. #.##
........##..#.


You could see an endoplasm.

Vanquished Creatures
  3 adders
  A worm (D:2)
  2 dart slugs (D:1)
  A bat (D:2)
  6 endoplasms
  6 giant cockroaches
  6 goblins
  7 hobgoblins
  3 jackals (D:1)
  4 ball pythons (D:1)
  5 kobolds
  6 rats
50 creatures vanquished.

Notes
Turn   | Place    | Note
-------+----------+-------------------------------------------
     0 | D:1      | Delamore the Gargoyle Fighter began the quest for the Orb.
     0 | D:1      | Reached XP level 1. HP: 14/14 MP: 1/1
   385 | D:1      | Reached XP level 2. HP: 15/19 MP: 2/2
   607 | D:1      | Reached XP level 3. HP: 21/24 MP: 3/3
   966 | D:1      | Found a faded altar of an unknown god.
   976 | D:1      | Became a worshipper of Qazlal Stormbringer
   976 | D:1      | Reached * piety under Qazlal
  1221 | D:2      | Reached XP level 4. HP: 29/29 MP: 4/4
  1900 | D:3      | Found Kunen's Armour Shoppe.
  1900 | D:3      | Found Gualidgh's Antique Armour Boutique.
  1976 | D:3      | HP: 1/29 [frozen (2)]
  1979 | D:3      | Frozen to death by an endoplasm

Illustrated notes

Levels and vault maps discovered:
D:1:      minmay_arrival_wavy_path, layout_loops_ring,
          hellmonk_ecumenical_altar_prayer_group
D:2:      layout_loops_ring
D:3:      layout_rooms, serial_shops, shop, nicolae_shop_waterfront,
          nicolae_shop_temple_entry_statues_fountains, shop, shop

Skill      XL: |  1  2  3  4 |
---------------+-------------+-----
Maces & Flails | 3 4 |  4.0
Fighting       | 4 |  4.2
Armour         | |  3.2
Shields        | |  3.2

Action                   |  1- 3 |  4- 6 || total
-------------------------+-------+-------++-------
Melee: Flail             |   102 |    43 ||   145
Armor: Scale mail        |    48 |    15 ||    63
Dodge: Dodged            |    35 |    23 ||    58
Block: Kite shield       |    64 |    17 ||    81
       Buckler           |       |     5 ||     5

Table legend: (Time is in decaauts)
 A = Elapsed time spent in this place.
 B = Non-inter-level travel time spent in this place.
 C = Inter-level travel time spent in this place.
 D = Time resting spent in this place.
 E = Time spent auto-exploring this place.
 F = Levels seen in this place.
 G = Mean time per level.
                   A        B        C        D        E       F      G
               +--------+--------+--------+--------+--------+-----+--------+
         Total |   2047 |   1998 |     49 |    295 |   1308 |   3 |  682.3 |
       Dungeon |   2047 |   1998 |     49 |    295 |   1308 |   3 |  682.3 |
               +--------+--------+--------+--------+--------+-----+--------+

Top non-repeatable levels by time:
     D:1: 1037 daAuts
     D:2: 923 daAuts
     D:3: 85 daAuts
